 Dungeon Crawl Stone Soup version 0.28.0-45-g0d030f2227 (console) character file.

Game seed: 4446438095739098975

44 Zeor the Stinger (level 3, -1/19 HPs)
             Began as a Tengu Venom Mage on Apr 4, 2022.
             Succumbed to an adder's poison
             ... on level 2 of the Dungeon.
             The game lasted 00:05:21 (1915 turns).

Zeor the Stinger (Tengu Venom Mage)                 Turns: 1915, Time: 00:05:22

Health: -1/19      AC:  2    Str: 11    XL:     3   Next: 62%
Magic:  6/7        EV: 12    Int: 17    God:
Gold:   72         SH:  3    Dex: 14    Spells: 1/7 levels left

rFire   . . .      SeeInvis .   d - +1 dagger
rCold   . . .      Faith    .   c - +0 buckler "Boigg" {Str+3}
rNeg    . . .      Spirit   .   a - +0 robe
rPois   .          Reflect  .   (helmet restricted)
rElec   .          Harm     .   (no cloak)
rCorr   .          Rampage  .   (no gloves)
Will    .....                   (boots unavailable)
Stlth   ++........              (no amulet)
HPRegen 0.06/turn               (no ring)
MPRegen 0.10/turn               (no ring)

@: lethally poisoned (-1 -> -8), attractive
A: beak, talons 3
a: no special abilities


You were on level 2 of the Dungeon.
You visited 1 branch of the dungeon, and saw 2 of its levels.

You collected 72 gold pieces.

Inventory:

Hand Weapons
 d - a +1 dagger (weapon)
 f - a +0 short sword
Missiles
 e - 5 poisoned darts
 g - 6 arrows
Armour
 a - a +0 robe (worn)
 c - the +0 buckler "Boigg" (worn) {Str+3}
   (You acquired it on level 1 of the Dungeon)

   Str:       It affects your strength (+3).
Scrolls
 b - a scroll of vulnerability


   Skills:
 + Level 0.2 Fighting
 + Level 0.2 Short Blades
 + Level 0.5 Axes
 - Level 2.3 Dodging
 - Level 2.0 Stealth
 * Level 0.2 Shields
 * Level 2.6 Spellcasting
 + Level 1.0 Transmutations
 + Level 3.5 Poison Magic


You had one spell level left.
You knew the following spells:

 Your Spells              Type           Power      Damage    Failure   Level
a - Sting                 Tmut/Pois      40%        1d5       10%         1
b - Poisonous Vapours     Pois/Air       16%        N/A       19%         2
c - Mephitic Cloud        Conj/Pois/Air  6%         N/A       41%         3

Your spell library contained the following spells:

 Spells                   Type           Power      Damage    Failure   Level
 Corpse Rot               Necr/Air       4%         N/A       36%         2
 Olgreb's Toxic Radiance  Pois           14%        N/A       50%         4
 Dispel Undead            Necr           2%         3d7       94%         4
 Death Channel            Necr           1%         N/A       100%        6


Dungeon Overview and Level Annotations

Branches:
Dungeon (2/15)

Altars:


Innate Abilities, Weirdness & Mutations

You have a beak for a mouth.
You have claws for feet.


Message History

Found a leather armour, 9 gold pieces, a dagger and a throwing net.
The helpless hobgoblin fails to defend itself.
You puncture the hobgoblin!
You kill the hobgoblin!
You see here a hobgoblin corpse.
The helpless adder fails to defend itself.
You hit the adder.
The adder is severely wounded.
The adder bites you.
You are poisoned.
The adder poisons you!
The goblin shouts!
You feel sick.
The endoplasm quivers.
You hear an angry hiss.
The adder closely misses you.
Aiming: Sting (safe; 10% risk of failure)
Press: ? - help, Q - select action, (/) - cycle Shift-Dir - straight line, f - adder
Aim: an adder (heavily wounded, 53% to hit)
You miscast Sting.
You are very lightly contaminated with residual magic.
Nothing appears to happen.
You feel sick. The adder bites you.
You are more poisoned.
The adder poisons you!
You hit the adder but do no damage.
The adder is heavily wounded.
You feel sick. The adder bites you.
* * * LOW HITPOINT WARNING * * *
You are more poisoned.
The adder poisons you!
A quokka comes into view.
The adder barely misses you.
It was a potion of cancellation.
You feel magically purged.
Your magical contamination has completely faded away.
* * * LOW HITPOINT WARNING * * *
You feel sick. The adder bites you but does no damage.
It was a potion of attraction.
You feel attractive to monsters.
You die...

▒∙∙∙∙▒▒▒▒▒■▒∙▒▒▒▒∙∙▒▒▒▒▒▒
∙∙∙■∙∙∙∙∙∙∙▒∙∙∙∙∙∙∙∙∙∙▒
▒∙∙▒ ▒∙▒∙∙▒▒▒∙∙∙∙∙∙▒ ∙∙∙▒
▒∙∙∙∙▒(▒∙∙∙∙∙∙▒
▒∙∙▒▒▒∙∙▒▒∙▒▒∙∙∙∙∙∙▒
▒∙∙∙▒∙∙∙▒∙▒∙∙∙∙∙∙∙∙▒
▒r∙∙▒▒∙▒ ∙∙∙∙∙∙∙∙▒
▒∙∙∙▒∙▒∙∙


∙∙∙∙∙∙∙∙ ▒∙▒▒▒Q▒ ∙∙∙∙∙∙∙∙∙∙▒ ∙∙▒∙rS▒∙∙∙∙∙∙∙∙∙ ∙∙∙∙▒∙Jg▒∙∙!∙∙∙∙ ∙∙∙∙ ▒)$[▒∙∙∙∙▒▒∙
∙∙∙ ▒▒▒▒▒∙∙∙♣▒ ∙∙∙ ∙∙∙∙ ▒▒∙♣▒ ∙∙ You could see an adder, an endoplasm, 2 quokkas
and a goblin.

Vanquished Creatures
  2 worms (D:2)
  10 ball pythons
  3 endoplasms (D:1)
  5 giant cockroaches
  5 hobgoblins
  4 jackals (D:1)
  A frilled lizard (D:1)
  2 kobolds
  2 rats (D:1)
34 creatures vanquished.

Notes
Turn   | Place    | Note
-------+----------+-------------------------------------------
     0 | D:1      | Zeor the Tengu Venom Mage began the quest for the Orb.
     0 | D:1      | Reached XP level 1. HP: 10/10 MP: 4/4
   112 | D:1      | Reached XP level 2. HP: 14/15 MP: 1/6
   982 | D:1      | Reached XP level 3. HP: 19/19 MP: 7/7
  1022 | D:1      | Learned a level 2 spell: Poisonous Vapours
  1026 | D:1      | Learned a level 3 spell: Mephitic Cloud
  1033 | D:1      | Identified a scroll of acquirement
  1033 | D:1      | Acquired the +0 buckler "Boigg" {Str+3}
  1626 | D:2      | Reached skill level 1 in Transmutations
  1915 | D:2      | Succumbed to an adder's poison

Illustrated notes

Levels and vault maps discovered:
D:1:      lemuel_arrival_muddy, layout_basic, chequers_serial_rivers_small_b,
          chequers_serial_rivers_large_a, grunt_decor_junction
D:2:      layout_basic, serial_forest, infiniplex_forest_lined_2,
          infiniplex_forest_clump_long, infiniplex_forest_clump_double,
          infiniplex_forest_clump_small, infiniplex_forest_lined_3,
          serial_shops, nicolae_shop_statue_plus, minmay_vboxes

Skill      XL: |  1  2  3 |
---------------+----------+-----
Transmutations | 1 |  1.0
Fighting       | |  0.2
Short Blades   | |  0.2
Axes           | |  0.5
Dodging        | |  2.3
Stealth        | |  2.0
Shields        | |  0.2
Spellcasting   | |  2.6
Poison Magic   | |  3.5

Action                   || total
-------------------------++-------
Melee: Hand axe          ||     8
       Dagger            ||    31
       Kick              ||    11
       Peck              ||     8
 Cast: Sting             ||    39
  Use: Scroll            ||     4
       Potion            ||     2
 Stab: Sleeping          ||     5
Armor: Robe              ||    12
Dodge: Dodged            ||    48
